 Dungeon Crawl Stone Soup version 0.23.2-1-ga50397a (webtiles) character file.

Game seed: 15529449000395639934

203 Goblin1989 the Magician (level 5, -6/38 HPs)
             Began as a Demonspawn Transmuter on Apr 18, 2019.
             Was an Initiate of Ru.
             Killed from afar by an orc wizard (12 damage)
             ... with a magic dart
             ... on level 3 of the Dungeon.
             The game lasted 00:06:42 (3667 turns).

Goblin1989 the Magician (Demonspawn Transmuter)     Turns: 3667, Time: 00:06:43

Health: -6/38      AC:  2    Str: 11    XL:     5   Next: 51%
Magic:  5/10       EV: 20    Int: 15    God:    Ru [......]
Gold:   99         SH:  0    Dex: 21    Spells: 7/11 levels left

rFire    . . .     SeeInvis .     - Unarmed
rCold    . . .     Gourm    .   (shield currently unavailable)
rNeg     . . .     Faith    .   (armour currently unavailable)
rPois    x         Spirit   .   (helmet currently unavailable)
rElec    .         Reflect  .   (cloak currently unavailable)
rCorr    .         Harm     +   (gloves currently unavailable)
MR       .....                  (boots currently unavailable)
Stlth    ++........             t - amulet of harm
HPRegen  0.12/turn              x - +3 ring of dexterity
MPRegen  0.12/turn              (no ring)

@: spider-form
A: tiny, rugged brown scales 1
a: End Transformation, Renounce Religion


You were on level 3 of the Dungeon.
You worshipped Ru.
Ru was noncommittal.
You were not hungry.
You were a venomous arachnid creature.
You visited 1 branch of the dungeon, and saw 3 of its levels.

You collected 99 gold pieces.

Inventory:

Hand Weapons
 w - a +0 blowgun {@w1}
Missiles
 a - 36 arrows
Armour
 b - a +0 robe (melded)
 h - a +0 pair of boots
Jewellery
 t - an amulet of harm (around neck)
 x - a +3 ring of dexterity (left front leg)
Wands
 p - a wand of random effects (20)
Scrolls
 f - 4 scrolls of identify {unknown}
 i - 2 scrolls of magic mapping {unknown}
 j - a scroll of blinking {unknown}
 k - 2 scrolls of amnesia {unknown}
 m - 4 scrolls of remove curse {unknown}
 o - 2 scrolls of teleportation {unknown}
 q - 2 scrolls of enchant armour {unknown}
 y - 3 scrolls of noise {unknown}
Potions
 n - a potion of curing {unknown}
 r - 2 potions of degeneration {unknown}
 u - 2 potions of flight {unknown}
 v - a potion of heal wounds {unknown}
Comestibles
 e - 2 rations


   Skills:
 + Level 1.5 Fighting
 + Level 2.1 Dodging
 * Level 3.2 Unarmed Combat
 + Level 3.6 Spellcasting
 + Level 3.5 Transmutations


You had 7 spell levels left.
You knew the following spells:

 Your Spells              Type           Power        Failure   Level  Hunger
a - Beastly Appendage     Tmut           ##....       13%         1    None
b - Spider Form           Tmut/Pois      #.........   47%         3    ###....

Your spell library contained the following spells:

 Spells                   Type           Power        Failure   Level  Hunger
 Sticks to Snakes         Tmut           ##......     19%         2    ##.....
 Ice Form                 Ice/Tmut       #.......     83%         4    ####...
 Blade Hands              Tmut           ##........   90%         5    ######.


Dungeon Overview and Level Annotations

Branches:
Dungeon (3/15)

Altars:
Elyvilon
Qazlal
Ru
Xom


Innate Abilities, Weirdness & Mutations

(You are partially covered in rugged brown scales. (AC +1, +3% HP))
((Your flesh is cold resistant. (rC+)))


Message History

You hit the orc.
The orc looks as sick as possible!
The orc is heavily wounded.
The orc closely misses you.
You hit the orc but do no damage.
The orc looks as sick as possible!
The orc is severely wounded.
Your transformation has ended.
Your +0 robe unmelds from your body.
The orc closely misses you.
You barely miss the orc.
The orc is severely wounded.
You miss something.
You kill the orc!
You hit something but do no damage. Something hits you but does no damage.
You hit something but do no damage.
You hear some strange, mumbled words.
A puff of flame appears from out of thin air!
The puff of flame hits you!
You take 9 damage, and have 25/38 hp.
MASSIVE DAMAGE!!
You barely miss something. Something hits you but does no damage.
The orc wizard gestures at you while chanting.
The magic dart hits something.
You completely miss something. Something hits you.
You take 2 damage, and have 23/38 hp.
You barely miss something. The orc wizard casts a spell at you.
The magic dart hits something.
Something hits you but does no damage.
You closely miss something.
The orc wizard gestures at you while chanting.
The magic dart hits something!
Reactivating autopickup.
You hit the orc wizard but do no damage.
The orc wizard points at you and mumbles some strange words.
The magic dart hits you.
You take 3 damage, and have 21/38 hp.
You are too injured to fight recklessly!
You are too injured to fight recklessly!
You are too injured to fight recklessly!
You are too injured to fight recklessly!
You are too injured to fight recklessly!
You are too injured to fight recklessly!
You are too injured to fight recklessly!
You are too injured to fight recklessly!
You are too injured to fight recklessly!
You are too injured to fight recklessly!
You are too injured to fight recklessly!
You are too injured to fight recklessly!
You are too injured to fight recklessly!
You are too injured to fight recklessly!
You are too injured to fight recklessly!
You are too injured to fight recklessly!
You are too injured to fight recklessly!
You are too injured to fight recklessly!
You are too injured to fight recklessly!
You are too injured to fight recklessly!
You are too injured to fight recklessly!
You are too injured to fight recklessly!
You are too injured to fight recklessly!
You are too injured to fight recklessly!
You are too injured to fight recklessly!
You are too injured to fight recklessly!
You hit the orc wizard but do no damage.
The orc wizard hits you with a +0 dagger.
The orc wizard casts a spell at you. The magic dart hits you.
* * * LOW HITPOINT WARNING * * *
You take 9 damage, and have 12/38 hp.
MASSIVE DAMAGE!!
You hit the orc wizard.
The orc wizard is moderately wounded.
The orc wizard barely misses you.
You hit the orc wizard but do no damage.
The orc wizard is moderately wounded.
The orc wizard hits you but does no damage.
You hit the orc wizard.
The orc wizard is heavily wounded.
The orc wizard gestures at you while chanting.
The magic dart hits you!
* * * LOW HITPOINT WARNING * * *
The orc wizard hits you but does no damage.
You take 8 damage, and have 4/38 hp.
MASSIVE DAMAGE!!
You hit the orc wizard.
The orc wizard is almost dead.
The orc wizard casts a spell.
The orc wizard blinks!
The orc wizard gestures at you while chanting.
You resist with some effort. The orc wizard casts a spell at you.
You resist with some effort.
Items here: )) [[ † a +0 dagger; a +0 robe; a +0 falchion; a +0 ring mail; an orc corpse The orc wizard mumbles some strange words.
The orc wizard blinks!
There is a stone staircase leading down here.
Your magical contamination has completely faded away.
Casting: Spider Form (safe; 26% risk of failure)
Confirm with . or Enter, or press ? or * to list all spells.
You turn into a venomous arachnid creature.
Your +0 robe melds into your body.
You now have 5/10 mp.
The orc wizard gestures at you while chanting.
The magic dart hits you!
You die... █.██..)[....§..████ █.██.██.██████..... █.██.██.█ ██████

█..>....█ █.███████
███ █.█ █.. █.████
███ ██.█ █o██.██
██.██ █...
█.s...██..█.. █..█
███.....█.█ █.███..█
█........██ ██......
█.█.....█.███.███.██
█.██...██..█..█ █.█
█ ██)█████.███ █.█
.... ███ █.█ ..█.███
... █. █. █>█


You could see an orc wizard.

Vanquished Creatures
  An orc priest (D:3)
  Jessica (D:3)
  2 gnolls (D:2)
  5 adders
  5 dart slugs
  2 leopard geckos
  7 orcs (D:3)
  5 giant cockroaches
  5 goblins
  6 hobgoblins
  2 jackals (D:3)
  A quokka (D:2)
  4 bats
  4 frilled lizards
  10 kobolds
  9 rats
69 creatures vanquished.

Vanquished Creatures (others)
  An orc wizard (D:3)
1 creature vanquished.

Grand Total: 70 creatures vanquished

Notes
Turn   | Place    | Note
-------+----------+-------------------------------------------
     0 | D:1      | Goblin1989 the Demonspawn Transmuter began the quest for
                  | the Orb.
     0 | D:1      | Reached XP level 1. HP: 15/15 MP: 3/3
   298 | D:1      | Gained mutation: You are partially covered in rugged brown
                  | scales. (AC +1, +3% HP) [demonic ancestry]
   298 | D:1      | Reached XP level 2. HP: 8/21 MP: 1/5
  1522 | D:1      | Gained mutation: Your flesh is cold resistant. (rC+)
                  | [demonic ancestry]
  1522 | D:1      | Reached XP level 3. HP: 22/26 MP: 7/7
  1680 | D:2      | Found a stormy altar of Qazlal.
  1692 | D:2      | Learned a level 3 spell: Spider Form
  2246 | D:2      | Reached XP level 4. HP: 32/32 MP: 5/8
  2674 | D:3      | Noticed a phantom
  2963 | D:3      | Found a sacrificial altar of Ru.
  2963 | D:3      | Found a white marble altar of Elyvilon.
  2976 | D:3      | Noticed Jessica
  2985 | D:3      | Killed Jessica
  2985 | D:3      | Reached XP level 5. HP: 38/38 MP: 4/10
  3057 | D:3      | Became a worshipper of Ru the Awakened
  3077 | D:3      | Found a shimmering altar of Xom.
  3667 | D:3      | Killed from afar by an orc wizard

Skill      XL: |  1  2  3  4  5 |
---------------+----------------+-----
Transmutations | 2 3 |  3.5
Spellcasting   | 3 |  3.6
Dodging        | 2 |  2.1
Unarmed Combat | 3 |  3.2
Fighting       | |  1.5

Action                   |  1- 3 |  4- 6 || total
-------------------------+-------+-------++-------
Melee: Unarmed           |   156 |    91 ||   247
       Headbutt          |     2 |       ||     2
       Kick              |     1 |       ||     1
 Cast: Beastly Appendage |    16 |     2 ||    18
       Spider Form       |     6 |    14 ||    20
 Stab: Sleeping          |     3 |       ||     3
       Distracted        |       |     1 ||     1
  Eat: Ration            |     1 |     1 ||     2
       Chunk             |     2 |     4 ||     6
Armor: Robe              |    37 |     3 ||    40
       Skin              |       |     5 ||     5
Dodge: Dodged            |   113 |    54 ||   167

Levels and vault maps discovered:
D:1:      minmay_arrival_glassed_features, layout_loops_ring, serial_forest,
          infiniplex_forest_clump_double, infiniplex_forest_clump_double,
          infiniplex_forest_lined_2, infiniplex_forest_clump_curved,
          infiniplex_forest_side_room, minmay_misc_feat_roman,
          minmay_splitting_lines
D:2:      layout_rooms, nicolae_overflow_hidden_temple,
          nicolae_overflow_crystal_walls, first_ration
D:3:      layout_loops_cross, gammafunk_temple_overflow_elements,
          xom_teletrap_fun, uniq_jessica
